 Dungeon Crawl Stone Soup version 0.29-a0-96-g93358da (webtiles) character file.

Game seed: 4137093838852006047

108 Dorkslayer the Covered (level 4, -3/42 HPs)
             Began as a Deep Dwarf Fighter on Feb 10, 2022.
             Killed by an exploding Grinder (30 damage)
             ... ignited by their inner flame
             ... on level 3 of the Dungeon.
             The game lasted 00:05:14 (1437 turns).

Dorkslayer the Covered (Deep Dwarf Fighter)         Turns: 1437, Time: 00:05:15

Health: -3/42      AC:  9    Str: 22    XL:     4   Next: 58%
Magic:  6/6        EV:  7    Int:  8    God:
Gold:   176        SH:  4    Dex: 12    Spells: 5/5 levels left

rFire   . . .      SeeInvis .   a - +0 long sword
rCold   . . .      Faith    .   c - +0 buckler
rNeg    . . .      Spirit   .   f - +0 chain mail
rPois   .          Reflect  .   (no helmet)
rElec   .          Harm     .   (no cloak)
rCorr   .          Rampage  .   (no gloves)
Will    .....                   (no boots)
Stlth   ..........              (no amulet)
HPRegen 0.00/turn               (no ring)
MPRegen 0.10/turn               (no ring)

@: no status effects
A: damage resistance, heal wounds, sense surroundings 1, no regeneration
a: Heal Wounds


You were on level 3 of the Dungeon.
You visited 1 branch of the dungeon, and saw 3 of its levels.

You collected 176 gold pieces.

Inventory:

Hand Weapons
 a - a +0 long sword (weapon)
Armour
 c - a +0 buckler (worn)
 f - a +0 chain mail (worn)
Scrolls
 j - a scroll of fear
 l - a scroll of fog {unknown}
Potions
 d - a potion of curing {unknown}
 g - 2 potions of brilliance {unknown}
 h - a potion of attraction {unknown}
 i - 2 potions of magic {unknown}


   Skills:
 + Level 3.0 Fighting
 + Level 3.1 Long Blades
 + Level 4.0 Armour
 + Level 0.7 Dodging
 + Level 3.6 Shields
 * Level 1.3 Spellcasting


You had 5 spell levels left.
You didn't know any spells.
Your spell library was empty.

Dungeon Overview and Level Annotations

Branches:
Dungeon (3/15)

Altars:

Shops:
D:3 [


Innate Abilities, Weirdness & Mutations

You are resistant to damage.
You can heal yourself by infusing magical energy.
You passively map a small area around you.
You do not regenerate.


Message History

Grinder blinks!
Grinder blinks!
There is a stone staircase leading down here.
You closely miss Grinder.
Grinder blinks!
You closely miss Grinder.
Grinder blinks!
Grinder blinks!
You see here a scroll labelled NAIMIL NATACEB.
l - a scroll labelled NAIMIL NATACEB Grinder blinks!
Grinder seems to regain her courage.
As you read the scroll labelled OTSALU DEROMOLUASK, it crumbles to dust.
You feel strangely unstable.
It was a scroll of teleportation.
As you read the scroll labelled SIMEAG GOMP, it crumbles to dust.
The creatures around you are filled with an inner flame!
It was a scroll of immolation.
Grinder gestures at you. Pain shoots through your body!
Your surroundings seem slightly different.
As you read the scroll labelled PAWEOTHOZ TISU, it crumbles to dust.
It is a scroll of amnesia.
You feel forgetful for a moment. Grinder gestures at you.
You suddenly lose the ability to move!
Grinder hits you but does no damage. Grinder hits you.
You can move again.
You slash Grinder!
Flame seeps out of Grinder.
Grinder is moderately wounded.
Grinder is engulfed in blazing flames.
Flame seeps out of Grinder.
Grinder hits you but does no damage.
Grinder is engulfed in blazing flames.
Flame seeps out of Grinder.
Grinder gestures at you.
You shrug off the repeated paralysis!
You hit Grinder but do no damage.
Grinder is almost dead.
Grinder is engulfed in blazing flames.
Grinder explodes!
The fiery explosion engulfs you!!
Ouch! That really hurt!
You die...

,,..........#.#.#, *
#########.8.∩.8.#.#.#
#,
............<......>#.#
####<.......8.........#
* ########..###..#####.
##..##........#
##.##.######## #.##.#
..#@# * #.#°# #.#§#
#...# ######..#
#.......### #......>..#
#.......#.# #.......#.#


There were no monsters in sight!

Vanquished Creatures
  Grinder (D:3)
  An iguana (D:2)
  Terence (D:2)
  3 dart slugs (D:1)
  A ball python (D:1)
  3 bats (D:1)
  7 endoplasms
  2 giant cockroaches
  6 hobgoblins
  7 jackals
  A quokka (D:1)
  A frilled lizard (D:1)
  5 goblins (D:1)
  2 kobolds
  3 rats (D:2)
44 creatures vanquished.

Notes
Turn   | Place    | Note
-------+----------+-------------------------------------------
     0 | D:1      | Dorkslayer the Deep Dwarf Fighter began the quest for the
                  | Orb.
     0 | D:1      | Reached XP level 1. HP: 20/20 MP: 1/1
   131 | D:1      | Reached XP level 2. HP: 27/27 MP: 2/2
   404 | D:1      | You fall into a shaft and drop 1 floor!
   428 | D:2      | Reached XP level 3. HP: 25/34 MP: 2/4
   450 | D:2      | Reached skill level 1 in Spellcasting
   479 | D:2      | Found a faded altar of an unknown god.
   750 | D:1      | Reached XP level 4. HP: 21/42 MP: 5/5
  1204 | D:2      | Noticed Terence
  1212 | D:2      | Killed Terence
  1214 | D:2      | Reached skill level 4 in Armour
  1381 | D:3      | Found Gaypac's Armour Shoppe.
  1416 | D:3      | Noticed Grinder
  1431 | D:3      | Paralysed by Grinder for 5 turns
  1437 | D:3      | Killed Grinder
  1437 | D:3      | Killed by an exploding Grinder... ignited by their inner
                  | flame

Illustrated notes

Levels and vault maps discovered:
D:1:      tarquinn_simple_flora_water_c, layout_loops_corners, serial_glass,
          glass_columns_a, glass_columns_a
D:2:      layout_loops_ring, ebering_ecumenical_altar_box, minmay_pentomino_u2,
          uniq_terence
D:3:      layout_basic, serial_shops, nicolae_shop_statue_plus, uniq_grinder,
          uniq_robin

Skill      XL: |  1  2  3  4 |
---------------+-------------+-----
Fighting       | 3 |  3.0
Spellcasting   | 1 |  1.3
Long Blades    | 3 |  3.1
Armour         | 4 |  4.0
Dodging        | |  0.7
Shields        | |  3.6

Action                   |  1- 3 |  4- 6 || total
-------------------------+-------+-------++-------
Melee: Long sword        |    88 |    23 ||   111
       Dagger            |       |    11 ||    11
 Abil: Heal Wounds       |       |     1 ||     1
  Use: Potion            |     1 |     1 ||     2
       Scroll            |       |     4 ||     4
Armor: Scale mail        |    42 |     8 ||    50
       Chain mail        |       |     2 ||     2
Dodge: Dodged            |    37 |    10 ||    47
Block: Buckler           |    21 |     4 ||    25

Table legend: (Time is in decaauts)
 A = Elapsed time spent in this place.
 B = Non-inter-level travel time spent in this place.
 C = Inter-level travel time spent in this place.
 D = Time resting spent in this place.
 E = Time spent auto-exploring this place.
 F = Levels seen in this place.
 G = Mean time per level.
                   A        B        C        D        E       F      G
               +--------+--------+--------+--------+--------+-----+--------+
         Total |   1472 |   1472 |      0 |      0 |    349 |   3 |  490.7 |
       Dungeon |   1472 |   1472 |      0 |      0 |    349 |   3 |  490.7 |
               +--------+--------+--------+--------+--------+-----+--------+

Top non-repeatable levels by time:
     D:1: 897 daAuts
     D:2: 510 daAuts
     D:3: 64 daAuts
